 Dungeon Crawl Stone Soup version 0.31-a0-983-g7b6862f502 (webtiles) character file.

Game seed: 16481178010626319056

1066 lunkers the Ruffian (level 7, 0/76 HPs)
             Began as a Demigod Shapeshifter on Nov 2, 2023.
             Slain by a gnoll
             ... wielding a +0 flail
             ... led by a gnoll bouda
              (5 damage)
             ... on level 5 of the Dungeon.
             The game lasted 00:05:20 (2930 turns).

lunkers the Ruffian (Demigod Shapeshifter)          Turns: 2930, Time: 00:05:20

Health: 0/76       AC: 23    Str: 19    XL:     7   Next: 79%
Magic:  9/9        EV:  2    Int: 12    God:
Gold:   200        SH:  0    Dex: 17    Spells: 6/6 levels left

rFire   . .          .
                       - Unarmed
rCold   . . .        (no shield)
rNeg    . . .        w - melded +0 storm dragon scales
rPois   +            (helmet currently unavailable)
rElec   .            (cloak currently unavailable)
rCorr   .            (gloves currently unavailable)
SInv    +            (boots currently unavailable)
Will    .....        (no amulet)
Stlth   ++           v - ring of poison resistance
HPRegen 0.32/turn    y - ring of see invisible
MPRegen 0.11/turn

%: no passive effects
@: tree-form
A: stationary, stasis, torment immunity, boosted hp, high MP 1, forlorn, divine
attributes
a: no special abilities


You were on level 5 of the Dungeon.
You were a tree.
You visited 1 branch of the dungeon, and saw 5 of its levels.

You collected 200 gold pieces.

Inventory:

Hand Weapons
 j - the +4 battleaxe "Wickib" {freeze, rCorr Str+4}
   (You found it on level 2 of the Dungeon)

   Str+4:     It affects your strength (+4).
   rCorr:     It protects you from acid and corrosion.
Armour
 s - a +0 pair of gloves
 w - +0 storm dragon scales (melded)
 B - a +0 cloak
Jewellery
 v - a ring of poison resistance (left branch)
 y - a ring of see invisible (right branch)
Talismans
 c - a beast talisman (active)
 d - a flux talisman
 p - a serpent talisman
Scrolls
 e - 3 scrolls of summoning {unknown}
 f - 2 scrolls of fog {unknown}
 k - a scroll of revelation {unknown}
 l - a scroll of teleportation {unknown}
 n - a scroll of identify {unknown}
 q - a scroll of fear {unknown}
 r - a scroll of poison {unknown}
 x - a scroll of torment {unknown}
 A - a scroll of enchant armour {unknown}
Potions
 g - 3 potions of curing {unknown}
 h - 2 potions of brilliance {unknown}
 o - a potion of might {unknown}
 t - a potion of attraction {unknown}
 u - a potion of mutation {unknown}
 z - 2 potions of heal wounds {unknown}
 C - a potion of degeneration {unknown}


   Skills:
 - Level 0.8 Fighting
 - Level 1.7 Dodging
 * Level 7.5 Unarmed Combat
 + Level 5.3 Shapeshifting


You had 6 spell levels left.
You didn't know any spells.
Your spell library contained the following spells:

 Spells                   Type           Power      Damage    Failure   Level
 Summon Small Mammal      Summ           0%         N/A       32%         1
 Call Canine Familiar     Summ           0%         N/A       69%         3
 Summon Guardian Golem    Hex/Summ       0%         N/A       69%         3


Dungeon Overview and Level Annotations

Branches:
Dungeon (5/15)
 Temple: D:4-7

Shops:
D:1 (   D:4 ?


Innate Abilities, Weirdness & Mutations

You are a tree.
Your roots penetrate the ground, keeping you stationary.
You cannot be teleported.
You are immune to unholy pain and torment.
Your maximum health is greatly increased.
Your equipment is partially melded.
You have an increased reservoir of magic. (+10% MP)
You shall have no god before yourself.
Your divine heritage dramatically boosts your attributes as you level up.


Message History

The gnoll barely misses you. x2
The gnoll bouda calls upon its god to heal the gnoll.
The gnoll is healed somewhat.
You hit the gnoll. You punch the gnoll.
You kill the gnoll!
The gnoll hits you with a +0 flail!
* * * LOW HITPOINT WARNING * * *
The gnoll hits you with a +0 spear.
* * * LOW HITPOINT WARNING * * *
You hit the gnoll.
The gnoll is heavily wounded.
The gnoll hits you with a +0 flail.
* * * LOW HITPOINT WARNING * * *
The gnoll hits you but does no damage.
The gnoll bouda calls upon its god to heal the gnoll.
The gnoll is healed somewhat.
You hit the gnoll but do no damage.
The gnoll is lightly wounded.
The gnoll hits you but does no damage. x2
The gnoll bouda hits you with a +0 club.
* * * LOW HITPOINT WARNING * * *
Unknown command.
You punch the gnoll!
The gnoll is almost dead.
The gnoll hits you with a +0 spear.
* * * LOW HITPOINT WARNING * * *
The gnoll bouda hits you with a +0 club.
* * * LOW HITPOINT WARNING * * *
The gnoll hits you but does no damage.
Your transformation has ended.
You turn into a tree.
Your +0 storm dragon scales melds into your body.
Your roots penetrate the ground.
The gnoll hits you but does no damage.
The gnoll bouda hits you with a +0 club.
* * * LOW HITPOINT WARNING * * *
The gnoll hits you but does no damage.
You hit the gnoll.
The gnoll is heavily wounded.
The gnoll hits you with a +0 flail.
You die...

#.#...#
#.#...#
#.#...#
#.#...# ####
#.#...# ...#
#$#...# .### #
#.#<..# .#
#..###....##
.# #..g♣.....#
.#
......gg.###.#
.# .....>####
#.# .# ######
#.# .. #.# ###
#.# #.# #.#
#.#


You could see a gnoll bouda and 2 gnolls.

Vanquished Creatures
  Grinder (D:4)
  An ogre (D:4)
  2 phantoms (D:4)
  A necrophage (D:4)
  A water moccasin zombie (D:4)
  A scorpion (D:4)
  A wight (D:4)
  A howler monkey (D:4)
  A centaur zombie (D:4)
  A human zombie (D:4)
  A bullfrog zombie (D:4)
  An iguana (D:5)
  An orc wizard (D:4)
  3 scorpion zombies (D:4)
  A hound zombie (D:4)
  A mummy (D:4)
  2 gnolls
  5 adders
  An adder zombie (D:4)
  2 dart slugs (D:3)
  6 orcs
  6 endoplasms
  A giant cockroach (D:3)
  8 goblins
  5 hobgoblins
  2 jackals (D:4)
  4 kobolds
  4 quokkas
  9 ball pythons
  4 bats
  2 frilled lizards
  6 rats
86 creatures vanquished.

Notes
Turn   | Place    | Note
-------+----------+-------------------------------------------
     0 | D:1      | lunkers the Demigod Shapeshifter began the quest for the
                  | Orb.
     0 | D:1      | Reached XP level 1. HP: 15/15 MP: 3/3
    63 | D:1      | Reached skill level 3 in Unarmed Combat
   128 | D:1      | Reached XP level 2. HP: 18/22 MP: 4/4
   158 | D:1      | Found Qagoss's Antique Weapon Shop.
   475 | D:2      | Identified the +4 battleaxe "Wickib" {freeze, rCorr Str+4}
   518 | D:2      | Reached XP level 3. HP: 27/27 MP: 5/5
  1388 | D:3      | Reached skill level 4 in Unarmed Combat
  1478 | D:3      | Reached XP level 4. HP: 24/34 MP: 6/6
  1679 | D:4      | Noticed an ogre
  1689 | D:4      | Killed an ogre
  1690 | D:4      | Reached XP level 5. HP: 3/39 MP: 7/7
  1883 | D:4      | Reached skill level 5 in Unarmed Combat
  1953 | D:4      | Reached XP level 6. HP: 22/46 MP: 8/8
  2111 | D:4      | Noticed Grinder
  2124 | D:4      | Killed Grinder
  2125 | D:4      | Reached skill level 6 in Unarmed Combat
  2216 | D:4      | Found The Oracle's Delphic Readings.
  2322 | D:4      | Noticed a titan simulacrum
  2323 | D:4      | Noticed a spectral ugly thing
  2323 | D:4      | Noticed a titan simulacrum
  2398 | D:4      | Reached XP level 7. HP: 46/51 MP: 9/9
  2622 | D:4      | Reached skill level 7 in Unarmed Combat
  2622 | D:4      | Reached skill level 5 in Shapeshifting
  2788 | D:5      | Entered Level 5 of the Dungeon
  2930 | D:5      | Slain by a gnoll

Illustrated notes

Levels and vault maps discovered:
D:1:      evilmike_arrival_rings, layout_rooms, serial_shops, shop
D:2:      layout_loops_ring, hangedman_decor_peaks_small
D:3:      layout_rooms, minmay_misc_feat_tiny, minmay_increasing_density
D:4:      layout_rooms, regret_index_temple_of_mockery,
          lemuel_mausoleum_altar_kikubaaqudgha, grunt_ministairs_10,
          nicolae_nh_oracle_at_delphi, uniq_grinder
D:5:      gammafunk_cloud_chamber, layout_basic, mainiacjoe_overflow_swirl,
          minmay_temple_entry_waves, serial_bayou_lagoon_b, uniq_prince_ribbit1

Skill      XL: |  1  2  3  4  5  6  7 |
---------------+----------------------+-----
Unarmed Combat | 3 4 5 6 7 |  7.5
Shapeshifting  | 3 4 5 |  5.3
Fighting       | |  0.8
Dodging        | |  1.7

Action                     |  1- 3 |  4- 6 |  7- 9 || total
---------------------------+-------+-------+-------++-------
  Melee: Unarmed           |   136 |   118 |    92 ||   346
         Punch             |     5 |     4 |     7 ||    16
    Use: Potion            |       |       |     1 ||     1
 Armour: Animal skin       |    45 |       |       ||    45
         Ring mail         |    37 |       |       ||    37
         Storm dragon scal |     2 |    96 |    75 ||   173
         Skin              |       |       |     4 ||     4
  Dodge: Dodged            |   109 |    28 |    20 ||   157
   Form: Anaconda          |     1 |       |       ||     1
         Beast             |     1 |       |       ||     1

Table legend: (Time is in decaauts)
 A = Elapsed time spent in this place.
 B = Non-inter-level travel time spent in this place.
 C = Inter-level travel time spent in this place.
 D = Time resting spent in this place.
 E = Time spent auto-exploring this place.
 F = Levels seen in this place.
 G = Mean time per level.
                   A        B        C        D        E       F      G
               +--------+--------+--------+--------+--------+-----+--------+
         Total |   2896 |   2896 |      0 |      0 |   2179 |   5 |  579.2 |
       Dungeon |   2896 |   2896 |      0 |      0 |   2179 |   5 |  579.2 |
               +--------+--------+--------+--------+--------+-----+--------+

Top non-repeatable levels by time:
     D:4: 1105 daAuts
     D:3: 668 daAuts
     D:2: 525 daAuts
     D:1: 456 daAuts
     D:5: 139 daAuts
